 Dungeon Crawl Stone Soup version 0.26-a0-611-g354ed81 (webtiles) character file.

Game seed: 3826664488359712435

20867 Hazorath the Fighter (level 12, -7/79 HPs)
             Began as a Gargoyle Earth Elementalist on Sept 6, 2020.
             Was the Champion of Okawaru.
             Killed from afar by a frost giant (10 damage)
             ... with a bolt of cold
             ... in an ice cave.
             The game lasted 00:55:15 (11624 turns).

Hazorath the Fighter (Gargoyle Earth Elementalist) Turns: 11624, Time: 00:55:16

Health: -7/79      AC: 26    Str: 20    XL:     12   Next: 84%
Magic:  3/25       EV: 15    Int: 27    God:    Okawaru [******]
Gold:   619        SH:  7    Dex: 13    Spells: 7/30 levels left

rFire    . . .     SeeInvis .   O - +2 hand crossbow "Soonoh" {elec, Fragile rN+ MR++ Str+2}
rCold    + . .     Faith    +   P - +1 buckler {AC+3}
rNeg     + + .     Spirit   .   T - +2 leather armour {rC+}
rPois    ∞         Reflect  .   G - +0 helmet
rElec    +         Harm     .   F - +1 cloak
rCorr    .                      d - +2 pair of gloves {Dex+3}
MR       ++...                  X - +1 pair of boots
Stlth    +++.......             D - amulet of faith
HPRegen  0.23/turn              i - +6 ring of intelligence
MPRegen  0.19/turn              w - +6 ring of strength

@: heroism, studying Maces & Flails
A: negative energy resistance 1, electricity resistance, unbreathing,
petrification resistance, rot immunity, AC +8
a: Heroism, Finesse, Renounce Religion


You were in an ice cave.
You worshipped Okawaru.
Okawaru was exalted by your worship.
You visited 1 branch of the dungeon, and saw 11 of its levels.
You also visited: Ossuary and Ice Cave.

You collected 619 gold pieces.

Inventory:

Hand Weapons
 a - a +2 dagger of electrocution
 c - a +7 rapier
 u - a +4 dire flail of protection
 O - the +2 hand crossbow "Soonoh" (weapon) {elec, Fragile rN+ MR++ Str+2}
   (You found it on level 8 of the Dungeon)

   It charges the ammunition it shoots with electricity; occasionally upon a
   hit, such missiles may discharge and cause terrible harm.
   It affects your strength (+2).
   It protects you from negative energy.
   It affects your resistance to hostile enchantments.
   It will be destroyed if unequipped.
 S - a +2 hand axe of electrocution
 U - a +2 war axe of electrocution
 W - a +0 hand crossbow
 Z - a +4 dagger of draining
Missiles
 n - 52 poisoned darts
 o - 68 bolts (quivered)
 p - 143 sling bullets
 s - 2 throwing nets
 t - 196 stones
Armour
 d - a +2 pair of gloves of dexterity (worn)
 F - a +1 cloak (worn)
 G - a +0 helmet (worn)
 K - +2 steam dragon scales
 P - a +1 buckler of protection (worn)
 T - a +2 leather armour of cold resistance (worn)
 X - a +1 pair of boots (worn)
 Y - a +2 chain mail of magic resistance
Jewellery
 i - a +6 ring of intelligence (left hand)
 w - a +6 ring of strength (right hand)
 D - an amulet of faith (around neck)
 E - an uncursed amulet of guardian spirit
 I - an uncursed ring of resist corrosion
 N - a +6 ring of intelligence
Wands
 b - a wand of acid (19)
 r - a wand of flame (31)
 v - a wand of iceblast (7)
 H - a wand of disintegration (11)
Scrolls
 f - 7 scrolls of teleportation
 g - 2 scrolls of immolation
 j - 3 scrolls of fog
 m - 6 scrolls of remove curse
 q - 3 scrolls of amnesia
 x - a scroll of blinking
 y - 2 scrolls of enchant weapon
 C - a scroll of magic mapping
 Q - a scroll of identify
 R - a scroll of enchant armour
Potions
 e - a potion of magic {unknown}
 h - a potion of invisibility
 k - 2 potions of berserk rage
 l - 6 potions of curing
 z - a potion of flight
 A - a potion of lignification
 B - a potion of brilliance
 J - 2 potions of mutation
 L - 3 potions of resistance
 M - 2 potions of ambrosia
Books
 V - a manual of Maces & Flails


   Skills:
 + Level 10.8(15.8) Fighting
 - Level 1.5(6.5) Dodging
 - Level 2.1(7.1) Stealth
 - Level 4.3(9.3) Shields
 + Level 9.6 Spellcasting
 - Level 4.3 Conjurations
 * Level 7.1 Hexes
 - Level 5.0 Necromancy
 - Level 0.7 Transmutations
 - Level 3.1 Fire Magic
 - Level 9.6 Earth Magic
 - Level 7.0 Invocations


You had 7 spell levels left.
You knew the following spells:

 Your Spells              Type           Power        Failure   Level
a - Sandblast             Erth           ######       1%          1
b - Passwall              Tmut/Erth      #####...     1%          2
c - Stone Arrow           Conj/Erth      ######       1%          3
d - Lee's Rapid Deconstr  Erth           ######....   2%          5
e - Animate Skeleton      Necr           #####.       1%          1
f - Animate Dead          Necr           #####.....   6%          4
g - Inner Flame           Hex/Fire       #####...     1%          3
h - Cause Fear            Hex            ######....   2%          4

Your spell library contained the following spells:

 Spells                   Type           Power        Failure   Level
 Corona                   Hex            ######.      1%          1
 Pain                     Necr           ####         1%          1
 Slow                     Hex            ######..     1%          2
 Vampiric Draining        Necr           #####.....   1%          3
 Leda's Liquefaction      Hex/Erth       ######....   1%          4
 Portal Projectile        Hex/Tloc       ####..       3%          3
 Apportation              Tloc           ##....       5%          1
 Summon Small Mammal      Summ           ##..         5%          1
 Petrify                  Tmut/Erth      #####...     6%          4
 Agony                    Necr           #####...     19%         5


Dungeon Overview and Level Annotations

Branches:
Dungeon (11/15)            Temple (0/1) D:5            Lair (0/6) D:9
    Orc (0/2) D:10        Ossuary (visited)           IceCv (1/1)

Altars:
Ashenzari
Cheibriados
Dithmenos
Gozag
Nemelex Xobeh
Okawaru
Qazlal
Ru
Sif Muna
Trog
Wu Jian
Zin
The Shining One
Beogh

Shops:
D:5 }*   D:9 ?

Annotations:
D:4 1 runed translucent door, bzbzbz's ghost, amateur DsTm


Innate Abilities, Weirdness & Mutations

You are resistant to torment.
Your stone body is resilient. (AC +8)
You are immune to poison.
You resist negative energy. (rN+)
You are resistant to electric shocks. (rElec)
You can survive without breathing.
You are immune to petrification.
You are immune to rotting.


Message History

You shoot a bolt.
The bolt hits the frost giant but does no damage.
The frost giant is severely wounded.
The frost giant hits you but does no damage.
Press: ? - help, v - describe, . - travel, g - get item
Here: a frost giant, wielding a +2 battleaxe of freezing (severely wounded) Item here: 10 bolts.
The floor, spattered with blood.
Firing (i - inventory. (/) - cycle)
o - 69 bolts (quivered)
Press: ? - help, Shift-Dir - straight line, f/p - frost giant
Aim: a frost giant, wielding a +2 battleaxe of freezing (severely wounded)
You shoot a bolt. The bolt hits the frost giant!
The frost giant is severely wounded.
The frost giant hits you with a +2 battleaxe of freezing!!
* * * LOW HITPOINT WARNING * * *
The frost giant freezes you.
* * * LOW HITPOINT WARNING * * *
The frost giant casts a spell at you. The bolt of cold hits you! You resist.
You die... ########## ##### #######YhY##(YY# ≈≈≈≈≈## #..#.Y.##..Y##.YY# #≈≈≈####### #.C######## Y.Yh# ###≈≈≈#≈≈.#####..# hhC.

##≈≈≈≈#≈..##@.##
h..
####≈≈#≈≈≈##...###
.#
##.≈≈####≈≈≈#####
# #..### ≈≈≈≈#≈≈#
##..###≈≈≈≈≈≈≈≈≈
##..####≈≈≈≈≈≈≈
#..### ##≈≈#≈#≈
##...## #≈≈≈≈
###..#


You could see a frost giant and a death yak.

Vanquished Creatures
  The ghost of bzbzbz the Martial Artist, a journeyman OpTm of Cheibriados (D:9)
  Fannar (D:10)
  The ghost of taxman66 the Fighter, a novice MiHu of Okawaru (D:9)
  4 death yaks
  A two-headed ogre (D:10)
  The ghost of Zonian the Magician, a novice GnWr of Yredelemnul (D:10)
  Pikel (D:5)
  A manticore (D:11)
  An elephant (D:9)
  An ice statue (IceCv)
  Maggie (D:6)
  3 trolls
  10 polar bears
  2 hippogriffs
  Prince Ribbit (D:5)
  2 water elementals (D:10)
  A wraith (D:10)
  A vampire (D:9)
  12 yaks
  2 basilisks (D:9)
  Edmund (D:4)
  A water moccasin (D:8)
  3 black bears
  3 sky beasts
  13 orc warriors
  3 ice beasts
  2 phantoms
  8 ogres
  13 wolves
  6 centaurs
  A necrophage (D:6)
  A lemure (D:5)
  2 big kobolds (D:10)
  5 bullfrogs
  3 gnoll sergeants (D:10)
  A wyvern zombie (D:6)
  2 scorpions
  5 killer bees (D:8)
  9 wights
  7 howler monkeys
  3 hounds
  2 jellies
  2 bullfrog skeletons (D:8)
  A centaur skeleton (D:5)
  An iron imp (D:5)
  3 orc priests
  5 orc wizards
  An iguana (D:7)
  6 worker ants
  A killer bee zombie (D:8)
  A bullfrog simulacrum (D:11)
  A centaur simulacrum (D:11)
  A hound zombie (D:5)
  A hound skeleton (D:4)
  12 mummies (Ossuary)
  14 adders
  7 gnolls
  2 howler monkey skeletons
  A shadow imp (D:5)
  6 white imps
  An ooze (D:2)
  2 ufetubi
  3 worms
  A dart slug (D:1)
  6 leopard geckos
  47 orcs
  2 ball pythons
  11 bats
  5 giant cockroaches
  10 goblins
  3 hobgoblins
  5 jackals
  5 kobolds
  2 quokkas (D:10)
  5 frilled lizards
  4 gnoll skeletons (Ossuary)
  A goblin skeleton (Ossuary)
  A jackal skeleton (D:8)
  A leopard gecko zombie (D:6)
  3 orc skeletons (Ossuary)
  A quokka skeleton (D:5)
  5 rats
  11 rat skeletons (Ossuary)
343 creatures vanquished.

Vanquished Creatures (collateral kills)
  An orc (D:7)
1 creature vanquished.

Vanquished Creatures (others)
  A wolf (IceCv)
  6 plants (D:8)
  7 toadstools (D:1)
14 creatures vanquished.

Grand Total: 358 creatures vanquished

Notes
Turn   | Place    | Note
-------+----------+-------------------------------------------
     0 | D:1      | Hazorath the Gargoyle Earth Elementalist began the quest
                  | for the Orb.
     0 | D:1      | Reached XP level 1. HP: 10/10 MP: 3/3
   172 | D:1      | Reached XP level 2. HP: 16/16 MP: 0/5
   318 | D:1      | Learned a level 2 spell: Passwall
   326 | D:1      | Reached skill level 1 in Fighting
   610 | D:2      | Reached XP level 3. HP: 20/20 MP: 3/6
   615 | D:2      | Learned a level 3 spell: Stone Arrow
   762 | D:2      | Found a glowing silver altar of Zin.
   825 | D:2      | Reached skill level 1 in Conjurations
   825 | D:2      | Reached XP level 4. HP: 22/25 MP: 7/7
  1015 | D:2      | Found a bloodstained altar of Trog.
  1384 | D:3      | Noticed a black bear
  1388 | D:3      | Killed a black bear
  1388 | D:3      | Reached skill level 2 in Fighting
  1388 | D:3      | Reached skill level 5 in Earth Magic
  1388 | D:3      | Reached XP level 5. HP: 30/30 MP: 4/9
  1711 | D:3      | Found a shadowy altar of Dithmenos.
  1711 | D:3      | Found an iron altar of Okawaru.
  1715 | D:3      | Became a worshipper of Warmaster Okawaru
  1792 | D:3      | Reached XP level 6. HP: 31/36 MP: 0/10
  1936 | D:3      | Learned a level 5 spell: Lee's Rapid Deconstruction
  2364 | D:4      | Found a sand-covered staircase.
  2378 | Ossuary  | Entered an ossuary
  2993 | D:4      | Reached XP level 7. HP: 40/40 MP: 10/12
  3036 | D:4      | Noticed Edmund
  3054 | D:4      | Killed Edmund
  3054 | D:4      | Reached * piety under Okawaru
  3054 | D:4      | Reached skill level 3 in Fighting
  3300 | D:4      | Found a sacrificial altar of Ru.
  3436 | D:4      | Found a shimmering blue altar of Sif Muna.
  3707 | D:4      | Found a runed translucent door.
  3707 | D:4      | Noticed bzbzbz's ghost (amateur DsTm)
  3826 | D:5      | Entered Level 5 of the Dungeon
  3873 | D:5      | Found a stormy altar of Qazlal.
  3998 | D:5      | Noticed Pikel
  4004 | D:5      | Killed Pikel
  4004 | D:5      | Reached ** piety under Okawaru
  4004 | D:5      | Reached skill level 4 in Fighting
  4004 | D:5      | Reached skill level 1 in Invocations
  4004 | D:5      | Reached XP level 8. HP: 39/48 MP: 1/14
  4057 | D:5      | Found a snail-covered altar of Cheibriados.
  4118 | D:5      | Found Enoene's Gadget Shop.
  4170 | D:5      | Noticed Prince Ribbit
  4179 | D:5      | Killed Prince Ribbit
  4179 | D:5      | Reached *** piety under Okawaru
  4268 | D:5      | Reached skill level 5 in Fighting
  4304 | D:5      | Found Gozag's Platinum Reserve.
  4373 | D:5      | Found a staircase to the Ecumenical Temple.
  4388 | D:5      | Found an opulent altar of Gozag.
  4489 | D:6      | Found a glowing golden altar of the Shining One.
  4529 | D:6      | Reached skill level 5 in Spellcasting
  4529 | D:6      | Reached XP level 9. HP: 54/54 MP: 13/16
  4577 | D:6      | Learned a level 1 spell: Animate Skeleton
  4652 | D:6      | Found a glowing golden altar of the Shining One.
  4968 | D:6      | Found a shattered altar of Ashenzari.
  4972 | D:6      | Reached **** piety under Okawaru
  4972 | D:6      | Reached skill level 1 in Necromancy
  4984 | D:6      | Noticed Maggie
  4992 | D:6      | Killed Maggie
  5381 | D:6      | Reached skill level 6 in Fighting
  5559 | D:7      | Reached ***** piety under Okawaru
  5760 | D:7      | Reached XP level 10. HP: 56/61 MP: 7/19
  5837 | D:7      | Reached skill level 7 in Fighting
  5867 | D:7      | Learned a level 4 spell: Animate Dead
  6377 | D:8      | Reached skill level 5 in Necromancy
  6434 | D:8      | Reached skill level 1 in Shields
  6717 | D:8      | Got a smoking hand crossbow
  6718 | D:8      | Identified the +2 hand crossbow "Soonoh" {elec, Fragile rN+
                  | MR++ Str+2} (You found it on level 8 of the Dungeon)
  6876 | D:8      | Received a gift from Okawaru
  6918 | D:8      | Found an ornate altar of the Wu Jian Council.
  7001 | D:8      | Reached skill level 8 in Fighting
  7196 | D:9      | Found a staircase to the Lair.
  7196 | D:9      | Noticed an elephant
  7196 | D:9      | Noticed a death yak
  7361 | D:9      | Found a sparkling altar of Nemelex Xobeh.
  7405 | D:8      | Killed a death yak
  7405 | D:8      | Reached ****** piety under Okawaru
  7405 | D:8      | Reached skill level 5 in Invocations
  7405 | D:8      | Reached XP level 11. HP: 63/69 MP: 0/22
  7602 | D:9      | Found Jorphanea's Magic Scroll Shoppe.
  7813 | D:9      | Found a roughly hewn altar of Beogh.
  8349 | D:10     | Entered Level 10 of the Dungeon
  8362 | D:10     | Found a runed translucent gate.
  8364 | D:10     | Found a runed translucent gate.
  8388 | D:10     | Found a runed translucent gate.
  8388 | D:10     | Noticed Zonian's ghost (novice GnWr)
  8388 | D:10     | Noticed taxman66's ghost (novice MiHu)
  8388 | D:10     | Noticed bzbzbz's ghost (journeyman OpTm)
  8432 | D:9      | Killed taxman66's ghost
  8568 | D:9      | Killed bzbzbz's ghost
  8568 | D:9      | Reached skill level 9 in Fighting
  8630 | D:9      | Learned a level 3 spell: Inner Flame
  8753 | D:10     | Killed Zonian's ghost
  8753 | D:10     | Reached skill level 1 in Hexes
  8753 | D:10     | Reached skill level 1 in Fire Magic
  8957 | D:10     | Noticed a two-headed ogre
  8962 | D:10     | Killed a two-headed ogre
  9131 | D:10     | Found a staircase to the Orcish Mines.
  9135 | D:10     | Received a gift from Okawaru
  9373 | D:10     | Received a gift from Okawaru
  9825 | D:10     | Learned a level 4 spell: Cause Fear
  9910 | D:11     | Noticed a death yak
 10104 | D:11     | Noticed Fannar
 10108 | D:11     | Reached XP level 12. HP: 74/77 MP: 13/24
 10256 | D:10     | Killed a death yak
 10259 | D:10     | Killed Fannar
 10301 | D:11     | Reached skill level 10 in Fighting
 10419 | D:11     | Found a frozen archway.
 10429 | IceCv    | Entered an ice cave
 10472 | IceCv    | Reached skill level 5 in Hexes
 10793 | IceCv    | Noticed a death yak
 10807 | IceCv    | Killed a death yak
 10807 | IceCv    | Received a gift from Okawaru
 11593 | IceCv    | Noticed a death yak
 11593 | IceCv    | Noticed a death yak
 11593 | IceCv    | Noticed a frost giant
 11601 | IceCv    | Received a gift from Okawaru
 11610 | IceCv    | Killed a death yak
 11620 | IceCv    | HP: 3/79 [frost giant/+2 battleaxe of freezing (35)]
 11624 | IceCv    | Killed from afar by a frost giant

Illustrated notes

Levels and vault maps discovered:
D:1:      nagdon_arrival_double_spiral, layout_rooms
D:2:      layout_loops_cross, lemuel_round_altar,
          nicolae_overflow_crystal_walls, minmay_tetromino_i2
D:3:      minmay_angry_zag, layout_loops_ring, gammafunk_temple_overflow_wave
D:4:      layout_loops_ring, lemuel_doored_altar, lemuel_blue_sif_altar,
          enter_ossuary_1, serial_co_window_serial, co_window_corner_a,
          co_window_paths_a, co_window_corner_a, co_window_corner_a,
          co_window_corner_a, co_window_paths_b, co_window_paths_a,
          co_window_broadway_a, glass_columns_a, glass_columns_b,
          glass_columns_a, glass_columns_a, glass_columns_c,
          gammafunk_ghost_grave, uniq_edmund
D:5:      layout_basic, nicolae_gozag_zags_fifth_avenue, slow_altar_1,
          minmay_temple_entry_stoned_glass, serial_shops, kennysheep_little_box,
          grunt_qazlal_clouds, uniq_pikel, uniq_prince_ribbit1
D:6:      black_bear_nest_2, layout_loops_cross, tso_metal_star,
          cheibrodos_ashenzari_chains, basic_altar, st_stairs_2,
          minmay_misc_feat_alley, uniq_maggie
D:7:      layout_cave_pools, chequers_serial_rivers_large_a
D:8:      layout_loops_ring, lemuel_coloured_pillars_altar,
          minmay_shattered_shrine
D:9:      layout_loops_ring, lemuel_crystal_altar, david_lair_generic,
          serial_shops, shop, special_room [special_room_orc],
          minmay_misc_feat_tower
D:10:     layout_stronghold, kennysheep_orc_monster_closet_entryway,
          gammafunk_ghost_cemetery, minmay_stone_trees_small
D:11:     layout_long_grid, serial_ice, serial_ice_k, serial_ice_b,
          serial_ice_e, serial_ice_n, portal_ice_cave_entry_pillars_1,
          basic_altar, hangedman_pestilent_swarm, uniq_fannar
IceCv:    ice_cave_caverns_03

Skill      XL: |  1  2  3  4  5  6  7  8  9 10 11 12 |
---------------+-------------------------------------+-----
Earth Magic    | 4 5 6 8 9 |  9.6
Fighting       | 1 2 4 5 6 8 9 10 | 10.8
Conjurations   | 1 2 3 4 |  4.3
Spellcasting   | 3 4 5 6 7 8 9 |  9.6
Invocations    | 1 5 7 |  7.0
Necromancy     | 4 5 |  5.0
Shields        | 4 |  4.3
Hexes          | 3 7 |  7.1
Fire Magic     | 3 |  3.1
Dodging        | |  1.5
Stealth        | |  2.1
Transmutations | |  0.7

Action                   |  1- 3 |  4- 6 |  7- 9 | 10-12 || total
-------------------------+-------+-------+-------+-------++-------
Melee: Unarmed           |     5 |       |       |       ||     5
       Dagger            |    42 |   154 |   160 |    52 ||   408
 Fire: Arbalest          |       |     3 |    39 |       ||    42
       Hand crossbow     |       |       |       |   228 ||   228
Throw: Dart              |       |       |     2 |       ||     2
 Cast: Sandblast         |    15 |    33 |    25 |   106 ||   179
       Stone Arrow       |       |       |    16 |    44 ||    60
       Animate Skeleton  |       |       |    16 |     4 ||    20
       Lee's Rapid Decon |       |       |     3 |    48 ||    51
       Animate Dead      |       |       |       |     4 ||     4
       Inner Flame       |       |       |       |     1 ||     1
Invok: Heroism           |       |       |       |     8 ||     8
Evoke: Wand              |       |       |       |     5 ||     5
  Use: Scroll            |     5 |     8 |     4 |     9 ||    26
       Potion            |       |       |       |     1 ||     1
 Stab: Sleeping          |     2 |     4 |     1 |     2 ||     9
       Distracted        |       |       |       |     1 ||     1
Armor: Robe              |    26 |    42 |    40 |       ||   108
       Steam dragon scal |       |       |    51 |   122 ||   173
       Leather armour    |       |       |       |    32 ||    32
Dodge: Dodged            |    36 |    82 |   102 |   173 ||   393
Block: Buckler           |       |       |       |    87 ||    87

Table legend: (Time is in decaauts)
 A = Elapsed time spent in this place.
 B = Non-inter-level travel time spent in this place.
 C = Inter-level travel time spent in this place.
 D = Time resting spent in this place.
 E = Time spent auto-exploring this place.
 F = Levels seen in this place.
 G = Mean time per level.
                   A        B        C        D        E       F      G
               +--------+--------+--------+--------+--------+-----+--------+
         Total |  11784 |  11287 |    497 |   2944 |   5370 |  13 |  906.5 |
       Dungeon |   9965 |   9468 |    497 |   1868 |   5123 |  11 |  905.9 |
       Ossuary |    594 |    594 |      0 |    298 |    103 |   1 |  594.0 |
      Ice Cave |   1224 |   1224 |      0 |    778 |    144 |   1 | 1224.0 |
               +--------+--------+--------+--------+--------+-----+--------+

Top non-repeatable levels by time:
    D:10: 1561 daAuts
     D:9: 1377 daAuts
   IceCv: 1224 daAuts
     D:8: 1128 daAuts
     D:4: 1028 daAuts
     D:6: 1013 daAuts
     D:7: 789 daAuts
     D:3: 777 daAuts
     D:2: 751 daAuts
     D:1: 678 daAuts
     D:5: 632 daAuts
 Ossuary: 594 daAuts
    D:11: 227 daAuts
